Map: Tours du crépuscule

Players

zidar - Winner!

  • Race: Zerg Zerg
  • League: Silver
  • Spawn Location: 1:00

MAAARLS

  • Race: Protoss Protoss
  • League: Gold
  • Spawn Location: 7:00

VOD

Have the link to the VOD?

Description

Time

  • Played on: March 6, 2016, 10:09 a.m.
  • Length: 9:11
Show
View Real Time Build Order
Export as new Build Order

zidar Zerg - Winner!

Build Orders: Pool First 

Get SALT Encoding   

  12  0:01  Drone  
  13  0:12  Overlord  
  13  0:17  Drone  
  14  0:30  Drone x2  
  14  0:34  Drone  
  17  0:48  Spawning Pool  
  17  0:49  Drone  
  17  1:20  Hatchery  
  17  1:22  Drone  
  17  1:26  Extractor  
  16  1:41  Hatchery  
  16  1:45  Drone  
  16  1:53  Drone  
  17  2:02  Zergling x4  
  19  2:10  Queen  
  20  2:34  Queen  
  22  2:44  Drone  
  22  2:45  Queen  
  25  2:55  Overlord  
  25  3:08  Drone x3  
  28  3:41  Zergling x2  
  28  3:42  Zergling x18  
  38  3:52  Metabolic Boost  
  36  4:11  Roach Warren  
  36  4:13  Extractor  
  36  4:14  Drone x5  
  39  4:18  Drone  
  39  4:22  Drone  
  34  5:21  Zergling x12  
  33  5:22  Zergling x6  
  41  5:31  Overlord  
  41  5:32  Overlord x2  
  41  5:45  Lair  
  41  5:50  Spore Crawler  
  41  5:53  Spore Crawler  
  39  5:58  Spore Crawler  
  37  6:23  Roach  
  37  6:24  Roach x15  
  65  6:30  Zergling x2  
  61  7:04  Overlord x2  
  61  7:13  Hydralisk Den  
  60  7:19  Drone x4  
  64  7:25  Overseer  
  64  7:27  Drone x9  
  42  8:29  Hydralisk x6  
  42  8:30  Hydralisk x4  
  42  8:32  Roach  
Show
View Real Time Build Order
Export as new Build Order

MAAARLS Protoss 

Build Orders: 1 Gate Expand 

Get SALT Encoding   

  12  0:01  Probe (Chrono Boost)  
  13  0:12  Probe (Chrono Boost)  
  14  0:17  Pylon  
  14  0:22  Probe (Chrono Boost)  
  15  0:36  Probe (Chrono Boost)  
  15  0:39  Gateway  
  16  0:46  Probe (Chrono Boost)  
  17  1:00  Probe (Chrono Boost)  
  18  1:07  Nexus  
  18  1:12  Probe (Chrono Boost)  
  19  1:22  Gateway  
  19  1:26  Assimilator  
  19  1:29  Probe (Chrono Boost)  
  21  1:40  Probe (Chrono Boost)  
  21  1:50  Probe (Chrono Boost)  
  22  2:01  Probe (Chrono Boost)  
  23  2:10  Pylon  
  23  2:13  Pylon  
  23  2:24  Probe x2 (Chrono Boost)  
  25  2:34  Probe x2 (Chrono Boost)  
  25  2:36  Assimilator  
  27  2:45  Probe x2 (Chrono Boost)  
  29  2:54  Cybernetics Core  
  29  2:55  Probe (Chrono Boost)  
  30  3:02  Probe (Chrono Boost)  
  31  3:06  Probe (Chrono Boost)  
  31  3:09  Zealot  
  35  3:13  Probe (Chrono Boost)  
  35  3:16  Probe (Chrono Boost)  
  36  3:23  Probe (Chrono Boost)  
  30  3:44  Warp Gate (Chrono Boost)  
  30  3:45  Stargate  
  30  4:03  Probe  
  30  4:04  Probe  
  32  4:13  Probe  
  32  4:16  Probe  
  34  4:18  Stalker  
  34  4:24  Probe  
  36  4:27  Oracle (Chrono Boost)  
  41  4:34  Probe  
  41  4:38  Mothership Core  
  41  4:45  Probe  
  34  5:34  Pylon  
  34  5:36  Pylon  
  34  6:02  Oracle (Chrono Boost)  
  25  6:39  Gateway  
  25  6:45  Gateway  
  24  7:04  Oracle (Chrono Boost)  
  27  7:08  Probe  
  28  7:20  Probe  
  29  7:33  Probe  
  29  7:35  Oracle (Chrono Boost)  
  33  7:45  Probe  
  33  7:49  Stalker  
  25  8:28  Probe  
  24  8:40  Probe  
  23  8:52  Probe  
Tags
 
Add a new tag
Caveats
  • Supply blocks, unpowered buildings, or Contaminate may cause inaccurate times.
  • Supply counts are checked every 10 seconds.